 Dungeon Crawl Stone Soup version 0.31-a0-435-g2c6fae2916 (webtiles) character file.

Game seed: 17148049068308815586

360 AdnanSaban the Cudgeller (level 6, -4/39 HPs)
             Began as a Gargoyle Fighter on Aug 1, 2023.
             Killed from afar by Dowan (22 damage)
             ... with a shard of ice
             ... on level 4 of the Dungeon.
             The game lasted 00:02:27 (2480 turns).

AdnanSaban the Cudgeller (Gargoyle Fighter)         Turns: 2480, Time: 00:02:27

Health: -4/39      AC: 18    Str: 22    XL:     6   Next: 65%
Magic:  3/6        EV:  6    Int:  8    God:
Gold:   183        SH:  4    Dex:  9    Spells: 5/5 levels left

rFire   . . .        a - +0 flail
rCold   . . .        c - +0 buckler
rNeg    + . .        h - +0 plate armour
rPois   ∞            (no helmet)
rElec   +            (no cloak)
rCorr   .            i - +0 pair of gloves
SInv    .            k - +0 pair of boots
Will    .....        (no amulet) Stlth
                     (no ring)
HPRegen 0.26/turn    (no ring)
MPRegen 0.10/turn

%: no passive effects
@: no status effects
A: sickness immunity, AC +4, negative energy resistance 1, electricity
resistance, torment resistance 1, petrification resistance
a: no special abilities


You were on level 4 of the Dungeon.
You visited 1 branch of the dungeon, and saw 4 of its levels.

You collected 183 gold pieces.

Inventory:

Hand Weapons
 a - a +0 flail (weapon)
Armour
 c - a +0 buckler (worn)
 h - a +0 plate armour (worn)
 i - a +0 pair of gloves (worn)
 k - a +0 pair of boots (worn)
Scrolls
 b - a scroll of revelation {unknown}
 e - a scroll of identify {unknown}
 f - 2 scrolls of teleportation {unknown}
 n - a scroll of immolation {unknown}
 o - 2 scrolls of noise {unknown}
 q - a scroll of amnesia {unknown}
 t - a scroll of fog {unknown}
Potions
 d - a potion of might
 g - a potion of enlightenment {unknown}
 j - a potion of lignification {unknown}
 l - 2 potions of degeneration {unknown}
 m - 3 potions of brilliance {unknown}
 p - a potion of attraction {unknown}
 r - a potion of mutation {unknown}
 s - a potion of magic {unknown}


   Skills:
 + Level 4.4 Fighting
 + Level 4.8 Maces & Flails
 + Level 4.6 Armour
 + Level 0.3 Dodging
 + Level 0.2 Stealth
 + Level 4.0 Shields


You had 5 spell levels left.
You didn't know any spells.
Your spell library contained the following spells:

 Spells                   Type           Power      Damage    Failure   Level
 Summon Small Mammal      Summ           0%         N/A       100%        1
 Call Canine Familiar     Summ           0%         N/A       100%        3
 Summon Guardian Golem    Hex/Summ       0%         N/A       100%        3


Dungeon Overview and Level Annotations

Branches:
Dungeon (4/15)
 Temple: D:4-7

Altars:
Cheibriados
Gozag
Kikubaaqudgha
Qazlal
Ru

Shops:
D:3 !

Annotations:
D:4 Dowan


Innate Abilities, Weirdness & Mutations

You are immune to sickness and miasma.
Your stone body is resilient. (AC +4)
You are immune to poison.
You resist negative energy. (rN+)
You are resistant to electric shocks. (rElec)
You are resistant to unholy torment.
You are immune to petrification.


Message History

You are too injured to fight recklessly!
You are too injured to fight recklessly!
You are too injured to fight recklessly!
You are too injured to fight recklessly!
You are too injured to fight recklessly!
You hit Duvessa but do no damage.
Duvessa is heavily wounded.
Duvessa barely misses you.
You closely miss Duvessa.
Duvessa is heavily wounded.
Duvessa hits you with a +0 antimagic short sword.
You feel your power leaking away.
You sock Duvessa!
Duvessa is almost dead.
Duvessa hits you but does no damage. You block Duvessa's attack.
You hit Duvessa but do no damage.
Duvessa is almost dead.
Duvessa hits you with a +0 antimagic short sword.
You sock Duvessa!
You kill Duvessa!
You hear a distant wail of despair.
Your Shields skill increases to level 4!
Dowan shouts!
Dowan seems to find hidden reserves of power!
Things that are here:
a +0 antimagic short sword; a +2 ring mail of cold resistance Dowan gestures wildly while chanting.
Dowan blinks!
Dowan attacks as you move away! Dowan hits you but does no damage.
Dowan points at you and mumbles some strange words.
The shard of ice misses you.
You thump Dowan!
Dowan is heavily wounded.
Dowan casts a spell.
Dowan blinks!
Dowan says, "How can I live without her?"
Dowan points at you and mumbles some strange words.
The shard of ice hits you!!
Ouch! That really hurt!
You die...

#.# #.# #.#
#.# #.# #.#
#)# #e# #@#
######## #§#
.......# #.#
.#####.# #.#
.# #.# #.# .#
#.# #.# )#
#.# #.# .#
#.#########.#
##
#...........#


You could see Dowan (fast).

Vanquished Creatures
  Duvessa (D:4)
  2 phantoms (D:4)
  Natasha (D:4)
  3 adders
  A dart slug (D:2)
  2 orcs
  5 bats (D:3)
  5 endoplasms
  2 giant cockroaches
  5 goblins
  6 hobgoblins
  2 jackals (D:2)
  3 quokkas
  4 ball pythons
  6 frilled lizards
  8 kobolds
  6 rats
62 creatures vanquished.

Notes
Turn   | Place    | Note
-------+----------+-------------------------------------------
     0 | D:1      | AdnanSaban the Gargoyle Fighter began the quest for the
                  | Orb.
     0 | D:1      | Reached XP level 1. HP: 14/14 MP: 1/1
    75 | D:1      | Reached XP level 2. HP: 19/19 MP: 2/2
   634 | D:2      | Found an ancient bone altar of Kikubaaqudgha.
   653 | D:2      | Reached XP level 3. HP: 23/23 MP: 3/3
  1376 | D:3      | Found an opulent altar of Gozag.
  1444 | D:3      | Found a sacrificial altar of Ru.
  1477 | D:3      | Reached XP level 4. HP: 28/29 MP: 4/4
  1669 | D:3      | Found Nasudus's Distillery.
  1990 | D:3      | Found a stormy altar of Qazlal.
  2030 | D:4      | Noticed Duvessa
  2030 | D:4      | Noticed Dowan
  2131 | D:4      | Noticed a phantom
  2148 | D:4      | Killed a phantom
  2149 | D:4      | Reached XP level 5. HP: 33/33 MP: 5/5
  2167 | D:4      | Noticed Natasha
  2173 | D:4      | Killed Natasha
  2218 | D:4      | Found a snail-covered altar of Cheibriados.
  2230 | D:4      | Noticed a phantom
  2246 | D:4      | Killed a phantom
  2247 | D:4      | Reached XP level 6. HP: 25/38 MP: 6/6
  2472 | D:4      | Killed Duvessa
  2480 | D:4      | Killed from afar by Dowan

Illustrated notes

Levels and vault maps discovered:
D:1:      scummos_arrival_simple_fountains, layout_loops_ring
D:2:      layout_basic, basic_altar
D:3:      minmay_spotlight, layout_loops_ring, nicolae_gozag_seed_capital,
          mainiacjoe_overflow_alcove_4, nicolae_ru_sacrificial_ziggurat,
          serial_shops, shop, small_statue_alley_b, hex_large,
          hangedman_decor_peaks_small
D:4:      layout_basic, general_overflow_altar, mainiacjoe_overflow_chevrons,
          minmay_temple_entry_proselytizer, chequers_decorated_corner,
          uniq_natasha, uniq_menkaure, uniq_duvessa

Skill      XL: |  1  2  3  4  5  6 |
---------------+-------------------+-----
Maces & Flails | 3 4 |  4.8
Fighting       | 4 |  4.4
Armour         | 4 |  4.6
Shields        | 4 |  4.0
Dodging        | |  0.3
Stealth        | |  0.2

Action                     |  1- 3 |  4- 6 || total
---------------------------+-------+-------++-------
  Melee: Flail             |   111 |   113 ||   224
 Armour: Scale mail        |    12 |       ||    12
         Plate armour      |    77 |    82 ||   159
  Dodge: Dodged            |    26 |    43 ||    69
  Block: Buckler           |    19 |    27 ||    46

Table legend: (Time is in decaauts)
 A = Elapsed time spent in this place.
 B = Non-inter-level travel time spent in this place.
 C = Inter-level travel time spent in this place.
 D = Time resting spent in this place.
 E = Time spent auto-exploring this place.
 F = Levels seen in this place.
 G = Mean time per level.
                   A        B        C        D        E       F      G
               +--------+--------+--------+--------+--------+-----+--------+
         Total |   2542 |   2468 |     74 |      0 |   1847 |   4 |  635.5 |
       Dungeon |   2542 |   2468 |     74 |      0 |   1847 |   4 |  635.5 |
               +--------+--------+--------+--------+--------+-----+--------+

Top non-repeatable levels by time:
     D:3: 770 daAuts
     D:2: 661 daAuts
     D:1: 650 daAuts
     D:4: 460 daAuts
